 Dungeon Crawl Stone Soup version 0.29.0-4-gdea44cf6ec (webtiles) character file.

Game seed: 12702990742779823127

80 qw the Chopper (level 4, 0/26 HPs)
             Began as a Tengu Warper on Aug 28, 2022.
             Was an Initiate of Okawaru.
             Slain by a black bear (1 damage)
             ... on level 4 of the Dungeon.
             The game lasted 00:00:14 (3153 turns).

qw the Chopper (Tengu Warper)                       Turns: 3153, Time: 00:00:14

Health: 0/26       AC: 12    Str: 13    XL:     4   Next: 39%
Magic:  8/8        EV:  0    Int: 14    God:    Okawaru [......]
Gold:   164        SH: 12    Dex: 13    Spells: 7/7 levels left

rFire   . . .      SeeInvis .   Y - +1 hand axe
rCold   . . .      Faith    .   f - +0 tower shield
rNeg    . . .      Spirit   .   h - +0 plate armour
rPois   .          Reflect  .   (helmet restricted)
rElec   .          Harm     .   i - +1 cloak {rCorr}
rCorr   +          Rampage  .   (no gloves)
Will    .....                   (boots unavailable)
Stlth   ..........              (no amulet)
HPRegen 0.08/turn               (no ring)
MPRegen 0.11/turn               (no ring)

@: about to teleport
A: beak, talons 3
a: Renounce Religion


You were on level 4 of the Dungeon.
You worshipped Okawaru.
Okawaru was noncommittal.
You visited 1 branch of the dungeon, and saw 4 of its levels.

You collected 164 gold pieces.


Innate Abilities, Weirdness & Mutations

You have a beak for a mouth.
You have claws for feet.


   Skills:
 - Level 2.0 Fighting
 - Level 3.3 Axes
 - Level 1.0 Throwing
 - Level 1.1 Armour
 - Level 2.1 Dodging
 + Level 3.1 Shields
 - Level 2.0 Spellcasting
 - Level 2.4 Translocations


You had 7 spell levels left.
You didn't know any spells.
Your spell library contained the following spells:

 Spells                   Type           Power      Damage    Failure   Level
 Blink                    Tloc           16%        N/A       100%        2
 Gell's Gravitas          Tloc           8%         N/A       100%        3
 Lesser Beckoning         Tloc           8%         N/A       100%        3
 Teleport Other           Tloc           8%         N/A       100%        3
 Manifold Assault         Tloc           8%         N/A       100%        5

Inventory:

Hand Weapons
 e - a +0 whip
 Y - a +1 hand axe (weapon)
Missiles
 j - 3 boomerangs (quivered)
 m - 6 silver javelins
Armour
 f - a +0 tower shield (worn)
 h - a +0 plate armour (worn)
 i - a +1 cloak of preservation (worn)
Scrolls
 a - a scroll of teleportation
Potions
 b - a potion of heal wounds {unknown}
 c - a potion of flight {unknown}
 d - a potion of curing {unknown}
 g - a potion of brilliance {unknown}
 k - a potion of cancellation

Dungeon Overview and Level Annotations

Branches:
Dungeon (4/15)
 Temple: D:4-7

Altars:
Okawaru
Vehumet

Shops:
D:3 (


Message History

The black bear claws you but does no damage.
You block the black bear's attack. The howler monkey hits you.
There is a stone staircase leading up here.
You hit the black bear.
The black bear is lightly wounded.
You hit the endoplasm. You hit the howler monkey.
You block the endoplasm's attack. You block the black bear's attack.
The black bear completely misses you.
The black bear claws you but does no damage.
The howler monkey hoots and howls with incredible vigour!
The endoplasm hits you but does no damage.
The black bear bites you! You block the black bear's attack. x2
You hear a shout!
You barely miss the endoplasm. Your kick misses the endoplasm.
The endoplasm is moderately wounded.
You hit the black bear. You closely miss the howler monkey.
The howler monkey hits you but does no damage. x2
You block the endoplasm's attack. You block the black bear's attack. x2
The black bear claws you but does no damage.
You hit the endoplasm.
You kill the endoplasm!
Okawaru accepts your kill.
You closely miss the howler monkey. You barely miss the black bear.
The howler monkey hits you. You block the black bear's attack.
The black bear claws you but does no damage. x2
You block the howler monkey's attack. You block the black bear's attack.
The black bear claws you but does no damage.
The black bear completely misses you.
You hit the black bear.
The black bear is lightly wounded.
You hit the howler monkey.
The howler monkey hits you but does no damage.
The black bear bites you! You block the black bear's attack.
The black bear claws you but does no damage.
You block the howler monkey's attack.
3153 ||| READING 2 scrolls of teleportation.
As you read the scroll of teleportation, it crumbles to dust.
You feel strangely unstable. The black bear bites you.
You die...

.##### .#...#
.#...## .......
###.......
.........
...####h.......
...$...@h...<..
#.....#........
##.## #........
#.##...## #.#
.!.# #.# .##
#.# # #.#


You could see a black bear and a howler monkey.

Vanquished Creatures
  4 adders
  A worm (D:2)
  A dart slug (D:3)
  5 ball pythons
  2 bats
  5 endoplasms
  A giant cockroach (D:1)
  A goblin (D:3)
  4 hobgoblins
  4 quokkas
  A frilled lizard (D:2)
  7 kobolds
  2 rats (D:1)
38 creatures vanquished.

Vanquished Creatures (others)
  A hobgoblin (D:3)
  A ball python (D:3)
  A demonic plant (D:3)
  4 fungi (D:3)
  3 plants (D:3)
10 creatures vanquished.

Grand Total: 48 creatures vanquished

Notes
Turn   | Place    | Note
-------+----------+-------------------------------------------
     0 | D:1      | qw the Tengu Warper began the quest for the Orb.
     0 | D:1      | Reached XP level 1. HP: 12/12 MP: 4/4
     0 | D:1      | 0 ||| qw: Version: 0.1-a-89-g26bdef1
     0 | D:1      | 0 ||| qw: Game counter: 1020
     0 | D:1      | 0 ||| qw: Always use a shield: true
     0 | D:1      | 0 ||| qw: God list: Okawaru
     0 | D:1      | 0 ||| qw: Allow faded altars: false
     0 | D:1      | 0 ||| qw: Do Orc after D:15 true
     0 | D:1      | 0 ||| qw: Do second Lair branch before Depths: true
     0 | D:1      | 0 ||| qw: Lair rune preference: random
     0 | D:1      | 0 ||| qw: Plans: Normal
     0 | D:1      | 0 ||| PLANNING D:1-11
   245 | D:1      | Reached XP level 2. HP: 16/17 MP: 6/6
   256 | D:1      | Reached skill level 3 in Axes
   889 | D:1      | 889 ||| UPGRADING to +0 tower shield.
   894 | D:1      | 894 ||| UPGRADING to +1 cloak of preservation.
   899 | D:1      | 899 ||| DROPPING +6 ring of intelligence.
   900 | D:1      | 900 ||| READING 2 scrolls labelled PYMOITW UVAYS.
   903 | D:1      | 903 ||| READING scroll labelled SERHUUCWIV.
   904 | D:1      | 904 ||| READING scroll labelled TEUGGUK DECHUMPAN.
   905 | D:1      | 905 ||| READING scroll labelled ITYUGI CUISEUL.
   906 | D:1      | 906 ||| DRINKING 2 pink potions.
   952 | D:1      | 952 ||| DROPPING scroll of blinking.
   953 | D:1      | 953 ||| DROPPING potion of lignification.
  1222 | D:2      | Reached skill level 1 in Shields
  1543 | D:2      | Reached XP level 3. HP: 21/21 MP: 7/7
  1563 | D:2      | 1563 ||| Stepping ~*~*~tactically~*~*~ (stealth).
  1572 | D:2      | 1572 ||| Stepping ~*~*~tactically~*~*~ (stealth).
  1575 | D:2      | 1575 ||| Stepping ~*~*~tactically~*~*~ (stealth).
  1577 | D:2      | 1577 ||| Stepping ~*~*~tactically~*~*~ (stealth).
  1922 | D:2      | 1922 ||| UPGRADING to +0 plate armour.
  1932 | D:2      | 1932 ||| DROPPING +0 leather armour.
  1933 | D:2      | 1933 ||| READING scroll labelled JEATIO OTTESSE.
  1934 | D:2      | 1934 ||| DRINKING 2 smoky silvery potions.
  2038 | D:2      | 2038 ||| DROPPING potion of berserk rage.
  2139 | D:3      | Found Sarph's Weapon Boutique.
  2202 | D:3      | Reached XP level 4. HP: 22/26 MP: 8/8
  2274 | D:3      | Found a faded altar of an unknown god.
  2498 | D:3      | Found an iron altar of Okawaru.
  2501 | D:3      | Reached skill level 3 in Shields
  2506 | D:3      | 2506 ||| FLEEEEING.
  2507 | D:3      | 2507 ||| FLEEEEING.
  2508 | D:3      | 2508 ||| FLEEEEING.
  2509 | D:3      | 2509 ||| FLEEEEING.
  2511 | D:3      | 2511 ||| FLEEEEING.
  2512 | D:3      | 2512 ||| FLEEEEING.
  2513 | D:3      | 2513 ||| FLEEEEING.
  2514 | D:3      | 2514 ||| FLEEEEING.
  2607 | D:3      | Became a worshipper of Warmaster Okawaru
  2615 | D:3      | 2615 ||| FLEEEEING.
  2616 | D:3      | 2616 ||| FLEEEEING.
  2617 | D:3      | 2617 ||| FLEEEEING.
  2618 | D:3      | 2618 ||| FLEEEEING.
  2619 | D:3      | 2619 ||| FLEEEEING.
  2620 | D:3      | 2620 ||| FLEEEEING.
  2621 | D:3      | 2621 ||| FLEEEEING.
  2622 | D:3      | 2622 ||| FLEEEEING.
  2623 | D:3      | 2623 ||| FLEEEEING.
  2809 | D:3      | Found a radiant altar of Vehumet.
  2882 | D:3      | 2882 ||| Stepping ~*~*~tactically~*~*~ (hiding).
  3123 | D:3      | 3123 ||| READING scroll labelled JUECHOTYTE.
  3124 | D:3      | 3124 ||| DRINKING 2 coppery potions.
  3143 | D:4      | Noticed a black bear
  3144 | D:4      | 3144 ||| STAIRDANCE
  3152 | D:4      | HP: 1/26 [black bear (7)]
  3153 | D:4      | 3153 ||| READING 2 scrolls of teleportation.
  3153 | D:4      | Slain by a black bear

Levels and vault maps discovered:
D:1:      nzn_arrival_depleted_hourglass, layout_basic
D:2:      layout_basic
D:3:      layout_basic, kennysheep_okawaru_gauntlet, fiery_altar_vehumet,
          shapermc_ecumenical_altar_gd, serial_shops,
          nicolae_shop_bloodbath_and_beyond
D:4:      layout_loops_ring, uniq_crazy_yiuf_cottage

Skill      XL: |  1  2  3  4 |
---------------+-------------+-----
Axes           | 3 |  3.3
Shields        | 1 2 3 |  3.1
Fighting       | |  2.0
Throwing       | |  1.0
Armour         | |  1.1
Dodging        | |  2.1
Spellcasting   | |  2.0
Translocations | |  2.4

Action                   |  1- 3 |  4- 6 || total
-------------------------+-------+-------++-------
Melee: Hand axe          |    48 |    24 ||    72
       Kick              |    14 |     5 ||    19
       Peck              |     4 |     1 ||     5
Throw: Boomerang         |    30 |     2 ||    32
  Use: Scroll            |     5 |     2 ||     7
       Potion            |     2 |     1 ||     3
Armor: Leather armour    |     9 |       ||     9
       Plate armour      |     6 |    30 ||    36
Dodge: Dodged            |     9 |     5 ||    14
Block: Tower shield      |    20 |    42 ||    62

Table legend:
 A = Non-vault XP
 B = Vault XP
 C = Vault XP percentage of total XP
 D = Non-vault monster count
 E = Vault monster count
 F = Vault count percentage of total count
                 A         B        C        D         E       F
            +---------+---------+-------+---------+---------+-------
      Total |     115 |       0 |   0.0 |      38 |       0 |   0.0
            +---------+---------+-------+---------+---------+-------
        D:1 |      19 |       0 |   0.0 |      12 |       0 |   0.0
        D:2 |      44 |       0 |   0.0 |      11 |       0 |   0.0
        D:3 |      50 |       0 |   0.0 |      14 |       0 |   0.0
        D:4 |       2 |       0 |   0.0 |       1 |       0 |   0.0
            +---------+---------+-------+---------+---------+-------
